NWL (28 & UNDER)
BALZAC RAMS @ MENLO MANIACS
09/15/2029
 
TOP OF THE 1ST
Balzac Rams batting - Pitching for Menlo Maniacs : LHP Keith Burns
Pitching: LHP Keith Burns
Batting: LHB Ryan Rheaume 0-0: Foul Ball, location: 2F
0-1: Ball
1-1: Ball
2-1: Ball
3-1: Foul Ball, location: 2F
3-2: Foul Ball, location: 2F
3-2: Foul Ball, location: 2F
3-2: Fly out, F5 (Popup, 5SF)
Batting: RHB Lorenzo Silva 0-0: Ball
1-0: Called Strike
1-1: Fly out, F7 (Flyball, 78S)
Batting: RHB Jim Martin 0-0: Called Strike
0-1: Foul Ball, location: 2F
0-2: Ball
1-2: Strikes out swinging
Top of the 1st over - 0 runs, 0 hits, 0 errors, 0 left on base; Balzac 0 - Menlo 0
BOTTOM OF THE 1ST
Menlo Maniacs batting - Pitching for Balzac Rams : LHP Martin Balsano
Pitching: LHP Martin Balsano
Batting: RHB Spencer Pritchett 0-0: Called Strike
0-1: Swinging Strike
0-2: SINGLE (Line Drive, 9S)
Batting: RHB William Rogers 0-0: Ball
Spencer Pritchett is caught stealing 2nd base
1-0: Foul Ball, location: 2F
1-1: Fly out, F3 (Popup, 3)
Batting: RHB Bob Fitzgerald 0-0: Ball
1-0: Ball
2-0: Foul Ball, location: 2F
2-1: Ball
3-1: Foul Ball, location: 2F
3-2: Base on Balls
Batting: RHB Katsuhito Ohayashi 0-0: Ball
1-0: Ball
2-0: Foul Ball, location: 2F
2-1: Swinging Strike
2-2: Ball
3-2: Base on Balls
Bob Fitzgerald to second
Batting: LHB Robby Lawson 0-0: Fly out, F5 (Flyball, 5D)
Bottom of the 1st over - 0 runs, 1 hit, 0 errors, 2 left on base; Balzac 0 - Menlo 0
TOP OF THE 2ND
Balzac Rams batting - Pitching for Menlo Maniacs : LHP Keith Burns
Batting: RHB Gunner Allen 0-0: Called Strike
0-1: Called Strike
0-2: Ball
1-2: Foul Ball, location: 2F
1-2: Ball
2-2: Strikes out swinging
Batting: RHB Santiago Rivera 0-0: Swinging Strike
0-1: Ball
1-1: Foul Ball, location: 2F
1-2: Foul Ball, location: 2F
1-2: Strikes out looking
Batting: LHB Troy Jackson 0-0: Called Strike
0-1: Ball
1-1: Foul Ball, location: 2F
1-2: Ball
2-2: Fly out, F5 (Popup, 6S)
Top of the 2nd over - 0 runs, 0 hits, 0 errors, 0 left on base; Balzac 0 - Menlo 0
BOTTOM OF THE 2ND
Menlo Maniacs batting - Pitching for Balzac Rams : LHP Martin Balsano
Batting: RHB Dave Warren 0-0: Ground out 5-3 (Groundball, 56)
Batting: SHB José Vélez 0-0: Called Strike
0-1: Ball
1-1: Swinging Strike
1-2: Fly out, F9 (Flyball, 9LSF)
Batting: LHB Johão Pereirinha 0-0: SINGLE (Line Drive, 56)
Batting: RHB Glenn Carter 0-0: Fielders Choice at 2nd, 6-4 (Groundball, 56)
Bottom of the 2nd over - 0 runs, 1 hit, 0 errors, 1 left on base; Balzac 0 - Menlo 0
TOP OF THE 3RD
Balzac Rams batting - Pitching for Menlo Maniacs : LHP Keith Burns
Batting: RHB Jason Ward 0-0: Called Strike
0-1: Swinging Strike
0-2: Ball
1-2: Foul Ball, location: 2F
1-2: Ball
2-2: SINGLE (Groundball, 56S) (infield hit)
Batting: SHB Emílio Calvillo 0-0: Called Strike
0-1: Ball
1-1: Ball
2-1: Ball
3-1: Base on Balls
Jason Ward to second
Batting: SHB Terry Christian 0-0: Ball
1-0: Called Strike
1-1: Fly out, F7 (Flyball, 7D)
Batting: LHB Ryan Rheaume 0-0: Ball
1-0: Foul Ball, location: 2F
1-1: Ball
2-1: Swinging Strike
2-2: Ball
3-2: Base on Balls
Jason Ward to third
Emílio Calvillo to second
Batting: RHB Lorenzo Silva 0-0: Ball
1-0: Swinging Strike
1-1: Ball
2-1: Ball
3-1: Base on Balls
Jason Ward scores
Emílio Calvillo to third
Ryan Rheaume to second
Batting: RHB Jim Martin 0-0: Ball
1-0: Fly out, F8 (Flyball, 8RM)
Runner from 3rd tags up, SCORES, throw made
Batting: RHB Gunner Allen 0-0: Foul Ball, location: 2F
0-1: Foul Ball, location: 2F
0-2: Ball
1-2: SINGLE (Groundball, 4MD)
Ryan Rheaume to third
Lorenzo Silva to second
Runner from 3rd tries for Home, SAFE, throw made home
Batting: RHB Santiago Rivera 0-0: Ball
1-0: Ball
2-0: Foul Ball, location: 2F
2-1: 3-RUN HOME RUN (Line Drive, 78XD), Distance : 406 ft
Batting: LHB Troy Jackson 0-0: Ball
1-0: SINGLE (Groundball, 34D)
Batting: RHB Jason Ward 0-0: Foul Ball, location: 2F
0-1: Ball
1-1: Ball
2-1: Swinging Strike
2-2: Strikes out swinging
Top of the 3rd over - 6 runs, 4 hits, 0 errors, 1 left on base; Balzac 6 - Menlo 0
BOTTOM OF THE 3RD
Menlo Maniacs batting - Pitching for Balzac Rams : LHP Martin Balsano
Batting: RHB Spencer Pritchett 0-0: Called Strike
0-1: Ball
1-1: SINGLE (Line Drive, 56)
Batting: RHB William Rogers 0-0: Swinging Strike
0-1: Fielders Choice at 2nd, 4-6 (Groundball, 4)
Batting: RHB Bob Fitzgerald 0-0: Called Strike
0-1: Ball
1-1: SINGLE (Groundball, 6MD)
William Rogers to second
Batting: RHB Katsuhito Ohayashi 0-0: DOUBLE (Line Drive, 78XD)
William Rogers scores
Bob Fitzgerald to third
Runner from 3rd tries for Home, SAFE, no throw
Batting: LHB Robby Lawson 0-0: 2-RUN HOME RUN (Flyball, 7LD), Distance : 361 ft
Batting: RHB Dave Warren 0-0: Ball
1-0: Ball
2-0: Ball
3-0: Called Strike
3-1: Base on Balls
Batting: SHB José Vélez 0-0: Fly out, F9 (Flyball, 89D)
Batting: LHB Johão Pereirinha 0-0: Called Strike
0-1: Called Strike
0-2: Ground out 4-3 (Groundball, 4M)
Bottom of the 3rd over - 4 runs, 4 hits, 0 errors, 1 left on base; Balzac 6 - Menlo 4
TOP OF THE 4TH
Balzac Rams batting - Pitching for Menlo Maniacs : LHP Keith Burns
Batting: SHB Emílio Calvillo 0-0: Ball
1-0: Ball
2-0: Foul Ball, location: 2F
2-1: Ground out 5-3 (Groundball, 56S)
Batting: SHB Terry Christian 0-0: Ball
1-0: Foul Ball, location: 2F
1-1: SINGLE (Groundball, 6MD)
Batting: LHB Ryan Rheaume 0-0: Ball
1-0: Ball
2-0: Foul Ball, location: 2F
2-1: Foul Ball, location: 2F
2-2: Ball
3-2: Foul Ball, location: 2F
3-2: Base on Balls
Terry Christian to second
Pitching: RHP Gerard Gustafson
Batting: RHB Lorenzo Silva 0-0: Called Strike
0-1: Foul Ball, location: 2F
0-2: Ball
1-2: Strikes out swinging
Batting: RHB Jim Martin 0-0: Ball
1-0: Ball
2-0: Foul Ball, location: 2F
2-1: Ball
3-1: Called Strike
3-2: Ground out U3 (Groundball, 3)
Top of the 4th over - 0 runs, 1 hit, 0 errors, 2 left on base; Balzac 6 - Menlo 4
BOTTOM OF THE 4TH
Menlo Maniacs batting - Pitching for Balzac Rams : LHP Martin Balsano
Batting: RHB Glenn Carter 0-0: Ball
1-0: Ball
2-0: SINGLE (Groundball, 56D)
Batting: RHB Spencer Pritchett 0-0: Fly out, F8 (Flyball, 78M)
Batting: RHB William Rogers 0-0: Called Strike
0-1: Foul Ball, location: 2F
0-2: Foul Ball, location: 2F
0-2: Ball
1-2: Fly out, F3 (Line Drive, 34S)
Lined into DP, U3 (Line Drive, 34S)
Bottom of the 4th over - 0 runs, 1 hit, 0 errors, 0 left on base; Balzac 6 - Menlo 4
TOP OF THE 5TH
Balzac Rams batting - Pitching for Menlo Maniacs : RHP Gerard Gustafson
Batting: RHB Gunner Allen 0-0: Ball
1-0: Swinging Strike
1-1: Ball
2-1: SINGLE (Groundball, 56D)
Batting: RHB Santiago Rivera 0-0: Ball
Gunner Allen steals 2nd base
1-0: Intentional Walk
Batting: LHB Troy Jackson 0-0: Ball
1-0: SINGLE (Groundball, 34D)
Gunner Allen to third
Santiago Rivera to second
Runner from 3rd tries for Home, SAFE, no throw
Batting: RHB Jason Ward 0-0: Ball
1-0: Foul Ball, location: 2F
1-1: Ball
2-1: Foul Ball, location: 2F
2-2: Ball
3-2: Base on Balls
Santiago Rivera to third
Troy Jackson to second
Batting: SHB Emílio Calvillo 0-0: Ball
1-0: Foul Ball, location: 2F
1-1: Ball
2-1: Foul Ball, location: 2F
2-2: Foul Ball, location: 2F
2-2: Fly out, F7 (Flyball, 7S)
Batting: SHB Terry Christian 0-0: Called Strike
0-1: Called Strike
0-2: Ball
1-2: Strikes out looking
Batting: LHB Ryan Rheaume 0-0: Ball
1-0: Called Strike
1-1: Swinging Strike
1-2: Ball
2-2: Strikes out swinging
Top of the 5th over - 1 run, 2 hits, 0 errors, 3 left on base; Balzac 7 - Menlo 4
BOTTOM OF THE 5TH
Menlo Maniacs batting - Pitching for Balzac Rams : LHP Martin Balsano
Batting: RHB Bob Fitzgerald 0-0: Ball
1-0: Called Strike
1-1: Foul Ball, location: 2F
1-2: Ball
2-2: SINGLE (Groundball, 4MD)
Batting: RHB Katsuhito Ohayashi 0-0: 2-RUN HOME RUN (Flyball, 78XD), Distance : 392 ft
Batting: LHB Robby Lawson 0-0: SINGLE (Groundball, 4D)
Pitching: RHP Richard Manley
Batting: RHB Dave Warren 0-0: Foul Ball, location: 2F
0-1: Ball
1-1: SINGLE (Line Drive, 34)
Robby Lawson to second
Batting: SHB José Vélez 0-0: Called Strike
0-1: Fielders Choice at 2nd, 4-6 (Groundball, 4)
Robby Lawson to third
Batting: LHB Johão Pereirinha 0-0: Ball
1-0: Called Strike
José Vélez is caught stealing 2nd base
1-1: Called Strike
1-2: Foul Ball, location: 2F
1-2: Ball
2-2: Ball
3-2: Base on Balls
Batting: RHB Glenn Carter 0-0: Swinging Strike
0-1: Ball
1-1: Swinging Strike
1-2: Strikes out swinging
Bottom of the 5th over - 2 runs, 4 hits, 0 errors, 2 left on base; Balzac 7 - Menlo 6
TOP OF THE 6TH
Balzac Rams batting - Pitching for Menlo Maniacs : RHP Gerard Gustafson
Batting: RHB Lorenzo Silva 0-0: Ball
1-0: Ball
2-0: Ground out U3 (Groundball, 34)
Batting: RHB Jim Martin 0-0: Called Strike
0-1: Ground out 5-3 (Groundball, 56)
Batting: RHB Gunner Allen 0-0: Ball
1-0: Ground out 1-3 (Groundball, 15)
Top of the 6th over - 0 runs, 0 hits, 0 errors, 0 left on base; Balzac 7 - Menlo 6
BOTTOM OF THE 6TH
Menlo Maniacs batting - Pitching for Balzac Rams : RHP Richard Manley
Batting: RHB Spencer Pritchett 0-0: Ball
1-0: Ball
2-0: Foul Ball, location: 2F
2-1: Ball
3-1: Foul Ball, location: 2F
3-2: Foul Ball, location: 2F
3-2: SINGLE (Groundball, 6MD)
Batting: RHB William Rogers 0-0: Called Strike
0-1: Ball
1-1: Swinging Strike
1-2: Ball
2-2: Ball
3-2: Strikes out looking
Batting: RHB Bob Fitzgerald 0-0: Ball
1-0: Grounds into double play, 1-6-3 (Groundball, P)
Bottom of the 6th over - 0 runs, 1 hit, 0 errors, 0 left on base; Balzac 7 - Menlo 6
TOP OF THE 7TH
Balzac Rams batting - Pitching for Menlo Maniacs : RHP Gerard Gustafson
Batting: RHB Santiago Rivera 0-0: Ball
1-0: DOUBLE (Flyball, 8LXD)
Batting: LHB Troy Jackson 0-0: Foul Ball, location: 2F
0-1: Fly out, F8 (Flyball, 78M)
Batting: RHB Jason Ward 0-0: Ball
1-0: SINGLE (Groundball, 6D)
Santiago Rivera to third
Runner from 3rd tries for Home, throw and OUT!
Batting: SHB Emílio Calvillo 0-0: Ball
1-0: Ball
2-0: Ball
3-0: Called Strike
3-1: Swinging Strike
3-2: Base on Balls
Jason Ward to second
Pitching: RHP Jesús Martínez
Batting: SHB Terry Christian 0-0: Swinging Strike
0-1: Ball
1-1: Called Strike
1-2: Ball
2-2: Foul Ball, location: 2F
2-2: Strikes out swinging
Top of the 7th over - 0 runs, 2 hits, 0 errors, 2 left on base; Balzac 7 - Menlo 6
BOTTOM OF THE 7TH
Menlo Maniacs batting - Pitching for Balzac Rams : RHP Richard Manley
Batting: RHB Katsuhito Ohayashi 0-0: Ball
1-0: Swinging Strike
1-1: Called Strike
1-2: Strikes out swinging
Batting: LHB Robby Lawson 0-0: Ground out 5-3 (Groundball, 56)
Batting: RHB Dave Warren 0-0: Ball
1-0: Ball
2-0: Foul Ball, location: 2F
2-1: Called Strike
2-2: Ball
3-2: Strikes out swinging
Bottom of the 7th over - 0 runs, 0 hits, 0 errors, 0 left on base; Balzac 7 - Menlo 6
TOP OF THE 8TH
Balzac Rams batting - Pitching for Menlo Maniacs : RHP Jesús Martínez
Batting: LHB Ryan Rheaume 0-0: Foul Ball, location: 2F
0-1: Ball
1-1: Ball
2-1: Foul Ball, location: 2F
2-2: Ball
3-2: Base on Balls
Batting: RHB Lorenzo Silva 0-0: Called Strike
Ryan Rheaume steals 2nd base
0-1: Swinging Strike
0-2: Ball
1-2: Ball
2-2: Ball
3-2: Foul Ball, location: 2F
3-2: Foul Ball, location: 2F
3-2: Foul Ball, location: 2F
3-2: Base on Balls
Batting: RHB Jim Martin 0-0: Ball
1-0: Called Strike
1-1: SINGLE (Groundball, 6MD)
Ryan Rheaume to third
Lorenzo Silva to second
Runner from 3rd tries for Home, throw and OUT!
Batting: RHB Gunner Allen 0-0: Called Strike
0-1: Called Strike
0-2: Ball
1-2: Strikes out swinging
Batting: RHB Santiago Rivera 0-0: Ball
1-0: 3-RUN HOME RUN (Flyball, 7D), Distance : 386 ft
Pitching: LHP Marc Sizemore
Batting: LHB Troy Jackson 0-0: Ball
1-0: Called Strike
1-1: Swinging Strike
1-2: Strikes out swinging
Top of the 8th over - 3 runs, 2 hits, 0 errors, 0 left on base; Balzac 10 - Menlo 6
BOTTOM OF THE 8TH
Menlo Maniacs batting - Pitching for Balzac Rams : RHP Richard Manley
Batting: SHB José Vélez 0-0: Ball
1-0: Foul Ball, location: 2F
1-1: Ground out 1-3 (Groundball, 15S)
Batting: LHB Johão Pereirinha 0-0: Called Strike
0-1: Ground out U3 (Groundball, 34)
Batting: RHB Glenn Carter 0-0: Called Strike
0-1: Ball
1-1: Foul Ball, location: 2F
1-2: SINGLE (Flyball, 7LS)
Pitching: RHP Manny Guerra
Batting: RHB Spencer Pritchett 0-0: Called Strike
0-1: Swinging Strike
0-2: Ball
1-2: SINGLE (Line Drive, 8LS)
Glenn Carter to second
Batting: RHB William Rogers 0-0: Swinging Strike
0-1: Foul Ball, location: 2F
0-2: SINGLE (Groundball, 56) (infield hit)
Glenn Carter to third
Spencer Pritchett to second
Batting: RHB Bob Fitzgerald 0-0: Called Strike
0-1: Foul Ball, location: 2F
0-2: Ground out 4-3 (Groundball, 4S)
Bottom of the 8th over - 0 runs, 3 hits, 0 errors, 3 left on base; Balzac 10 - Menlo 6
TOP OF THE 9TH
Balzac Rams batting - Pitching for Menlo Maniacs : LHP Marc Sizemore
Batting: RHB Jason Ward 0-0: Called Strike
0-1: Ground out 5-3 (Groundball, 5)
Batting: SHB Emílio Calvillo 0-0: Called Strike
0-1: Called Strike
0-2: Ball
1-2: Ball
2-2: Foul Ball, location: 2F
2-2: Ball
3-2: Fly out, F7 (Flyball, 7D)
Batting: SHB Terry Christian 0-0: Ball
1-0: Ball
2-0: Called Strike
2-1: Called Strike
2-2: Ball
3-2: Base on Balls
Batting: LHB Ryan Rheaume 0-0: Ball
1-0: Called Strike
1-1: SINGLE (Groundball, 6MS) (infield hit)
Terry Christian to second
Batting: RHB Lorenzo Silva 0-0: Ball
1-0: Ball
2-0: Called Strike
2-1: Ball
3-1: Foul Ball, location: 2F
3-2: Base on Balls
Terry Christian to third
Ryan Rheaume to second
Batting: RHB Jim Martin 0-0: Ball
1-0: Ball
2-0: Ball
3-0: Called Strike
3-1: Fly out, F9 (Flyball, 9S)
Top of the 9th over - 0 runs, 1 hit, 0 errors, 3 left on base; Balzac 10 - Menlo 6
BOTTOM OF THE 9TH
Menlo Maniacs batting - Pitching for Balzac Rams : RHP Manny Guerra
Batting: RHB Katsuhito Ohayashi 0-0: Swinging Strike
0-1: Foul Ball, location: 2F
0-2: Foul Ball, location: 2F
0-2: Ball
1-2: Ball
2-2: Foul Ball, location: 2F
2-2: Fly out, F7 (Line Drive, 7)
Batting: LHB Robby Lawson 0-0: Swinging Strike
0-1: Ball
1-1: Foul Ball, location: 2F
1-2: Strikes out swinging
Batting: RHB Dave Warren 0-0: SINGLE (Flyball, 6D)
Batting: SHB José Vélez 0-0: Ball
1-0: Swinging Strike
1-1: Swinging Strike
1-2: Ball
Wild Pitch!
Dave Warren to second
2-2: Ball
3-2: Strikes out looking
Bottom of the 9th over - 0 runs, 1 hit, 0 errors, 1 left on base; Balzac 10 - Menlo 6
Saturday, December 16th, 2017 - OOTP Baseball 18.8 Build 76